 Dungeon Crawl Stone Soup version 0.14-a0-2001-g390038d (webtiles) character file.

386 Kae the Ruinous (level 6, -5/32 HPs)
             Began as a Tengu Fire Elementalist on Jan 18, 2014.
             Was a Follower of Vehumet.
             Slain by an orc priest
             ... wielding a -1,+0 orcish morningstar
              (9 damage)
             ... on Level 4 of the Dungeon.
             The game lasted 00:08:06 (3737 turns).

Kae the Ruinous (Tengu Fire Elementalist)           Turns: 3737, Time: 00:08:06

HP  -5/32        AC  7     Str  8      XL: 6   Next: 21%
MP   0/12        EV 12     Int 17      God: Vehumet [*.....]
Gold 118         SH  0     Dex 15      Spells:  3 memorised,  3 levels left

rFire  . . .     SeeInvis .     (no weapon)
rCold  . . .     Clarity  .     a - +0 robe
rNeg   . . .     Conserve .     (no shield)
rPois  .         rCorr    .     (helmet restricted)
rElec  .         rRot     .     d - +2 cloak
SustAb . .       Spirit   .     n - +1 pair of elf gloves
rMut   .         Warding  .     (boots unavailable)
Saprov . . .     Stasis   .     t - amulet of inaccuracy
MR     .....                    (no ring)
                                (no ring)

@: not resistant to hostile enchantments, fairly stealthy
A: able to fly, beak, talons 3
a: Fly, Renounce Religion


You were on level 4 of the Dungeon.
You worshipped Vehumet.
Vehumet was aware of your devotion.
You were not hungry.

You visited 1 branch of the dungeon, and saw 4 of its levels.

You collected 118 gold pieces.

Inventory:

Hand weapons
 f - a +3,+2 hand axe
 i - a +1,+0 elven whip of distortion
Missiles
 p - a tomahawk (quivered)
Armour
 a - a +0 robe (worn)
 d - a +2 cloak (worn)
 n - a +1 pair of elven gloves (worn)
Comestibles
 c - 4 bread rations
 g - a royal jelly
 h - 17 sultanas
Scrolls
 k - a scroll of random uselessness
 l - 4 scrolls of identify
 q - a scroll of magic mapping {unknown}
 r - a scroll of noise {unknown}
Jewellery
 t - an amulet of inaccuracy (around neck)
Potions
 e - 2 potions of brilliance
 j - a potion of curing
 m - a potion of heal wounds {unknown}
 o - a potion of restore abilities {unknown}
 v - a potion of agility {unknown}
Books
 b - a book of Flames

   Spells                             Type                      Level
   *Flame Tongue                      Conjuration/Fire             1
   *Throw Flame                       Conjuration/Fire             2
   *Conjure Flame                     Conjuration/Fire             3
   Inner Flame                        Hexes/Fire                   3
   Sticky Flame                       Conjuration/Fire             4
   Fireball                           Conjuration/Fire             5


   Skills:
 - Level 2.1 Dodging
 - Level 2.0 Stealth
 - Level 2.0 Spellcasting
 + Level 5.8 Conjurations
 + Level 5.5 Fire Magic


You had 3 spell levels left.
You knew the following spells:

 Your Spells              Type           Power        Failure   Level  Hunger
a - Flame Tongue          Conj/Fire      ###..        1%          1    #......
b - Throw Flame           Conj/Fire      ###...       2%          2    ###....
c - Conjure Flame         Conj/Fire      ###.....     8%          3    ####...


Dungeon Overview and Level Annotations

Branches:
Dungeon (4/16)
 Temple: D:4-7

Altars:
Makhleb
Vehumet
Xom
Yredelemnul


Innate Abilities, Weirdness & Mutations

You can fly.
You have a beak for a mouth.
You have claws for feet.


Message History

You don't have enough magic to cast that spell.
Drink which item? (? for menu, Esc to quit)
You feel better.
The orc priest becomes somewhat translucent.
The orc priest hits you with an orcish morningstar!
You closely miss the orc priest.
The orc priest is heavily wounded.
Casting: Throw Flame
Confirm with . or Enter, or press ? or * to list all spells.
Aiming: Flame Tongue
Press: ? - help, Shift-Dir - straight line, f/p - orc priest
Aim: an orc priest, wielding an orcish morningstar and wearing an orcish scale mail (heavily wounded)
The flame hits the orc priest.
The orc priest appears unharmed.
The orc priest is heavily wounded.
The orc priest hits you with an orcish morningstar.
* * * LOW HITPOINT WARNING * * *
You closely miss the orc priest. Your kick misses the orc priest.
The orc priest is heavily wounded.
The orc priest hits you with an orcish morningstar!
You die...

#..... #.....#
#.....# #.....#
#.....# . #.....#
..####### #.....#
........#####.....#
...........o@......#
......?..#####.....#
.(.....%.# ####.##
#.#.....%.....# #.#
.............# #.#
.######......# #)#
#.>....# #.#
#......# #.# #......
#.#


You could see an orc priest.

Vanquished Creatures
  An orc priest (D:3)
  A hound (D:4)
  A scorpion (D:4)
  An orc wizard (D:4)
  Terence (D:3)
  5 adders
  A giant mite (D:1)
  A worm (D:2)
  4 giant geckos
  12 orcs
  2 ball pythons (D:1)
  6 hobgoblins
  3 jackals (D:3)
  9 kobolds
  6 bats
  12 goblins
  9 rats
75 creatures vanquished.

Notes
Turn   | Place    | Note
--------------------------------------------------------------
     0 | D:1      | Kae, the Tengu Fire Elementalist, began the quest for the Orb.
     0 | D:1      | Reached XP level 1. HP: 10/10 MP: 3/3
   195 | D:1      | Reached XP level 2. HP: 9/15 MP: 5/5
   687 | D:1      | Reached XP level 3. HP: 17/19 MP: 7/7
   855 | D:2      | Found a radiant altar of Vehumet.
   882 | D:2      | Reached skill level 4 in Fire Magic
   893 | D:2      | Became a worshipper of Vehumet
  1048 | D:2      | Reached XP level 4. HP: 20/24 MP: 1/8
  1210 | D:2      | Found a basalt altar of Yredelemnul.
  1242 | D:2      | Found a burning altar of Makhleb.
  1244 | D:2      | Found a shimmering altar of Xom.
  2363 | D:3      | Noticed Terence
  2368 | D:3      | Learned a level 2 spell: Throw Flame
  2372 | D:3      | Learned a level 3 spell: Conjure Flame
  2914 | D:3      | Killed Terence
  2914 | D:3      | Reached XP level 5. HP: 26/28 MP: 4/11
  2961 | D:3      | Reached skill level 5 in Conjurations
  2963 | D:3      | Acquired Vehumet's first power
  2963 | D:3      | Offered knowledge of Sting by Vehumet.
  3185 | D:3      | Reached skill level 5 in Fire Magic
  3262 | D:3      | Found a shimmering altar of Xom.
  3263 | D:3      | Found a shimmering altar of Xom.
  3264 | D:3      | Found a shimmering altar of Xom.
  3265 | D:3      | Found a shimmering altar of Xom.
  3265 | D:3      | Found a shimmering altar of Xom.
  3266 | D:3      | Found a shimmering altar of Xom.
  3266 | D:3      | Found a shimmering altar of Xom.
  3459 | D:3      | Found a shimmering altar of Xom.
  3697 | D:4      | Reached XP level 6. HP: 14/32 MP: 6/12
  3737 | D:4      | Slain by an orc priest

Action                   |  1- 3 |  4- 6 || total
-------------------------+-------+-------++-------
Melee: Unarmed           |    67 |    56 ||   123
 Cast: Flame Tongue      |    32 |   106 ||   138
       Conjure Flame     |       |     4 ||     4
       Throw Flame       |       |     4 ||     4
  Use: Scroll            |       |    14 ||    14
       Potion            |       |     1 ||     1
 Stab: Sleeping          |     2 |     1 ||     3
       Distracted        |       |     2 ||     2
